 Dungeon Crawl Stone Soup version 0.23-a0-899-gbbae0a3 (webtiles) character file.

Game seed: 9092858762560326048

53 MalarOregon the Skirmisher (level 3, -1/30 HPs)
             Began as a Merfolk Abyssal Knight on Jan 29, 2019.
             Was a Follower of Lugonu.
             Slain by a leopard gecko (5 damage)
             ... on level 2 of the Dungeon.
             The game lasted 00:04:01 (2012 turns).

MalarOregon the Skirmisher (Merfolk Abyssal Knight) Turns: 2012, Time: 00:04:01

Health: -1/30      AC:  3    Str: 12    XL:     3   Next: 89%
Magic:  4/4        EV: 13    Int: 12    God:    Lugonu [*.....]
Gold:   120        SH:  0    Dex: 13    Spells: 2/2 levels left

rFire    . . .     SeeInvis .   a - +1 spear
rCold    . . .     Gourm    .   (no shield)
rNeg     . . .     Faith    .   b - +0 leather armour
rPois    .         Spirit   .   (no helmet)
rElec    .         Reflect  .   (no cloak)
rCorr    .         Harm     .   (no gloves)
MR       .....                  (no boots)
Stlth    +.........             g - amulet of inaccuracy (curse)
HPRegen  0.10/turn              (no ring)
MPRegen  0.09/turn              (no ring)

@: no status effects
A: change form in water, swift swim, stealthy swim
a: Depart the Abyss, Renounce Religion


You were on level 2 of the Dungeon.
You worshipped Lugonu.
Lugonu was aware of your devotion.
You were not hungry.

You visited 1 branch of the dungeon, and saw 2 of its levels.
You visited the Abyss 1 time.

You collected 120 gold pieces.

Inventory:

Hand Weapons
 a - a +1 spear (weapon)
Armour
 b - a +0 leather armour (worn)
Jewellery
 d - an uncursed amulet of harm {unknown}
   (You found it on level 1 of the Dungeon)
 g - a cursed amulet of inaccuracy (around neck)
   (You found it on level 1 of the Dungeon)
Scrolls
 c - 2 scrolls of immolation {!r}
 f - a scroll of identify {@r1}
 h - a scroll of blinking
Comestibles
 e - 3 rations {!d}


   Skills:
 + Level 3.7 Fighting
 + Level 3.7 Polearms
 + Level 1.2 Armour
 + Level 3.4 Dodging
 + Level 2.5 Invocations


You had 2 spell levels left.
You didn't know any spells.
Your spell library was empty.

Dungeon Overview and Level Annotations

Branches:
Dungeon (2/15)

Altars:
Ru


Message History

You closely miss the leopard gecko. The leopard gecko barely misses you.
You hit the leopard gecko. The leopard gecko closely misses you.
You hit the leopard gecko.
You kill the leopard gecko!
Lugonu accepts your kill.
No target in view!
A hobgoblin comes into view. It is wielding a +0 club.
The hobgoblin shouts!
You hear an angry hiss.
You hear a shout!
Found a scroll of identify.
A leopard gecko comes into view.
A kobold comes into view. It is wielding a +0 long sword.
Attack whom?
Aim: a hobgoblin, wielding a +0 club You reach to attack!
You hit the hobgoblin.
The kobold throws a stone.
The stone hits you.
You closely miss the hobgoblin. The hobgoblin misses you.
You barely miss the hobgoblin. You hit the hobgoblin.
The hobgoblin hits you with a +0 club. The leopard gecko bites you.
You miss the hobgoblin.
The hobgoblin hits you but does no damage.
The leopard gecko bites you.
You hit the hobgoblin. The hobgoblin hits you with a +0 club.
The leopard gecko bites you.
You hit the hobgoblin but do no damage. The leopard gecko barely misses you.
The hobgoblin barely misses you.
You hit the hobgoblin.
You kill the hobgoblin!
Lugonu accepts your kill. The leopard gecko barely misses you.
You barely miss the leopard gecko. The leopard gecko bites you.
* * * LOW HITPOINT WARNING * * *
The kobold closely misses you.
You closely miss the leopard gecko. The leopard gecko bites you.
* * * LOW HITPOINT WARNING * * *
The leopard gecko bites you.
* * * LOW HITPOINT WARNING * * *
You closely miss the leopard gecko. The leopard gecko closely misses you.
You hit the leopard gecko. The leopard gecko closely misses you.
You miss the leopard gecko.
The leopard gecko bites you but does no damage.
You closely miss the leopard gecko. The leopard gecko bites you.
* * * LOW HITPOINT WARNING * * *
You hit the leopard gecko. The leopard gecko bites you.
* * * LOW HITPOINT WARNING * * *
You closely miss the leopard gecko. The leopard gecko closely misses you.
You miss the leopard gecko. The leopard gecko barely misses you.
You miss the leopard gecko. The leopard gecko barely misses you.
You miss the leopard gecko. The leopard gecko bites you.
You die...

. .. .. ...
#. ....
#.######..##
#..#.......#
#..'........
#..#......##
#..#lK....?.
#..@#####.##
#.#.# #.#.#
##### #.#.##
#...# #.#..#
#...#
#.##'###
#...#
#.#....#
#...####
#.#....#
#<.....#
#....#
#...##.#


You could see a leopard gecko and a kobold.

Vanquished Creatures
  2 adders (D:2)
  3 dart slugs (D:1)
  A leopard gecko (D:2)
  5 goblins (D:1)
  7 hobgoblins
  A ball python (D:1)
  3 bats
  A frilled lizard (D:1)
  3 kobolds (D:1)
26 creatures vanquished.

Notes
Turn   | Place    | Note
-------+----------+-------------------------------------------
     0 | Abyss:1  | MalarOregon the Merfolk Abyssal Knight began the quest for
                  | the Orb.
     0 | Abyss:1  | Reached XP level 1. HP: 18/18 MP: 2/2
    18 | D:1      | Escaped the Abyss
    83 | D:1      | Reached XP level 2. HP: 14/24 MP: 3/3
   529 | D:1      | Reached skill level 1 in Armour
   884 | D:1      | Reached XP level 3. HP: 25/29 MP: 4/4
  1667 | D:2      | HP: 1/30 [poisoned by an adder]
  1670 | D:2      | Found a sacrificial altar of Ru.
  2012 | D:2      | Slain by a leopard gecko

Vault maps used:
D:1:      dpeg_arrival_castle, minmay_misc_feat_plants
D:2:      nicolae_ru_the_path_less_chosen, first_ration

Skill      XL: |  1  2 |
---------------+-------+-----
Dodging        | 3 |  3.4
Armour         | 1 |  1.2
Fighting       | |  3.7
Polearms       | |  3.7
Invocations    | |  2.5

Action                   || total
-------------------------++-------
Melee: Spear             ||   168
  Use: Scroll            ||     3
  Eat: Ration            ||     1
       Chunk             ||     1
Armor: Leather armour    ||    29
Dodge: Dodged            ||    94

Table legend:
 A = Non-vault XP
 B = Vault XP
 C = Vault XP percentage of total XP
 D = Non-vault monster count
 E = Vault monster count
 F = Vault count percentage of total count
                 A         B        C        D         E       F
            +---------+---------+-------+---------+---------+-------
      Total |      77 |       0 |   0.0 |      26 |       0 |   0.0
            +---------+---------+-------+---------+---------+-------
        D:1 |      42 |       0 |   0.0 |      21 |       0 |   0.0
        D:2 |      35 |       0 |   0.0 |       5 |       0 |   0.0
            +---------+---------+-------+---------+---------+-------
